 Dungeon Crawl Stone Soup version 0.29.0-15-g675c0067aa (webtiles) character file.

Game seed: 9365601444254756799

1789 qw the Cleaver (level 9, 0/55 HPs)
             Began as a Gargoyle Fighter on Sept 12, 2022.
             Killed from afar by an electric eel (2 damage)
             ... with a bolt of electricity
             ... on level 6 of the Dungeon.
             The game lasted 00:02:13 (5552 turns).

qw the Cleaver (Gargoyle Fighter)                   Turns: 5552, Time: 00:02:13

Health: 0/55       AC: 23    Str: 23    XL:     9   Next: 8%
Magic:  9/9        EV:  8    Int: 10    God:
Gold:   379        SH:  9    Dex:  9    Spells: 8/8 levels left

rFire   . . .      SeeInvis .   Y - +1 war axe
rCold   + . .      Faith    .   c - +0 buckler
rNeg    + . .      Spirit   .   f - +0 chain mail
rPois   inf        Reflect  +   a - +2 helmet
rElec   +          Harm     .   g - scarf {repulsion}
rCorr   .          Rampage  .   v - +2 pair of gloves
Will    .....                   e - +0 pair of boots
Stlth   ..........              i - amulet of reflection
HPRegen 0.18/turn               b - ring of protection from cold
MPRegen 0.11/turn               (no ring)

@: repel missiles
A: sickness immunity, AC +6, negative energy resistance 1, electricity
resistance, torment resistance 1, petrification resistance
a: no special abilities


You were on level 6 of the Dungeon.
You visited 1 branch of the dungeon, and saw 6 of its levels.
You also visited: Sewer.

You collected 379 gold pieces.


Innate Abilities, Weirdness & Mutations

You are immune to sickness and miasma.
Your stone body is resilient. (AC +6)
You are immune to poison.
You resist negative energy. (rN+)
You are resistant to electric shocks. (rElec)
You are resistant to unholy torment.
You are immune to petrification.


   Skills:
 - Level 6.2 Fighting
 - Level 9.1 Axes
 - Level 1.3 Throwing
 - Level 4.0 Armour
 - Level 1.2 Dodging
 + Level 3.2 Shields


You had 8 spell levels left.
You didn't know any spells.
Your spell library was empty.

Inventory:

Hand Weapons
 k - a +0 morningstar
 Y - a +1 war axe (weapon)
Armour
 a - a +2 helmet (worn)
 c - a +0 buckler (worn)
 e - a +0 pair of boots (worn)
 f - a +0 chain mail (worn)
 g - a scarf of repulsion (worn)
 l - a +3 ring mail of fire resistance
 v - a +2 pair of gloves (worn)
Jewellery
 b - a ring of protection from cold (left hand)
 i - an amulet of reflection (around neck)
Scrolls
 o - a scroll of identify
Potions
 d - a potion of might
 j - a potion of resistance
 m - 2 potions of curing
 n - 4 potions of lignification
 p - a potion of ambrosia {unknown}
 r - a potion of cancellation
 t - a potion of mutation {unknown}

Dungeon Overview and Level Annotations

Branches:
Dungeon (6/15)             Temple (0/1) D:5           Sewer (visited)

Altars:
Fedhas
Gozag
Yredelemnul

Shops:
D:1 *


Message History

Maggie is lightly wounded.
Maggie gestures wildly while chanting.
Maggie draws you further into her thrall.
You closely miss Maggie.
Maggie is lightly wounded.
Maggie barely misses you.
You slash Maggie!
Maggie is moderately wounded.
Maggie barely misses you.
You closely miss Maggie.
Maggie is moderately wounded.
Maggie practices a pose.
Maggie zaps a wand.
Your mind is blasted!
You slash Maggie!
Maggie is heavily wounded.
Maggie barely misses you. You block Maggie's attack.
You barely miss Maggie.
Maggie is heavily wounded.
Maggie casts a spell at you. The bolt of fire hits you.
You closely miss Maggie.
Maggie is heavily wounded.
Maggie points at you and mumbles some strange words.
The bolt of fire hits you!
5549 ||| DRINKING potion of heal wounds.
You feel much better.
Maggie zaps a wand.
Your mind is blasted!
You hit Maggie.
Maggie is severely wounded.
Maggie hits you with a +2 halberd of flaming.
Maggie burns you.
You slash Maggie!
Maggie is severely wounded.
Maggie hits you but does no damage.
You slash Maggie!
You are no longer entranced.
You kill Maggie!
The electric eel shoots out a bolt of lightning at you!
The bolt of electricity hits you. You resist.
You die...

....<...........# #....#
..........#..#..# ##.##.#
..........##..#.####..##.#
###.####...##........###.#
#. #...####.....># #.# #.
#...........<## ### #.
#..........### ~ ..
#.........###~~~~
......[@[......
.......).......
.#..........~~.
#.........~..~
...........~...
............~~}
.##..........}~
..##....S~...


You could see an electric eel.

Vanquished Creatures
  Maggie (D:6)
  Duvessa (D:5)
  A water moccasin (Sewer)
  A black bear (D:4)
  2 ice beasts (D:6)
  2 ogres
  A necrophage (D:4)
  2 scorpions
  5 wights (D:6)
  Dowan (D:5)
  2 howler monkeys
  6 hounds
  2 orc priests (D:6)
  3 iguanas
  An orc wizard (D:4)
  Terence (D:2)
  Robin (D:1)
  4 gnolls (D:3)
  4 adders
  A shadow imp (D:5)
  3 worms
  A dart slug (D:1)
  22 orcs
  6 ball pythons
  4 bats
  5 endoplasms
  5 giant cockroaches
  18 goblins
  5 hobgoblins
  4 quokkas
  5 kobolds
  2 rats
122 creatures vanquished.

Vanquished Creatures (others)
  4 plants (D:2)
  2 withered plants (D:5)
6 creatures vanquished.

Grand Total: 128 creatures vanquished

Notes
Turn   | Place    | Note
-------+----------+-------------------------------------------
     0 | D:1      | qw the Gargoyle Fighter began the quest for the Orb.
     0 | D:1      | Reached XP level 1. HP: 14/14 MP: 1/1
     0 | D:1      | 0 ||| qw: Version: 0.1-a-119-g272c26d
     0 | D:1      | 0 ||| qw: Game counter: 10840
     0 | D:1      | 0 ||| qw: Always use a shield: true
     0 | D:1      | 0 ||| qw: God list: Okawaru
     0 | D:1      | 0 ||| qw: Allow faded altars: false
     0 | D:1      | 0 ||| qw: Do Orc after D:15 true
     0 | D:1      | 0 ||| qw: Do second Lair branch before Depths: true
     0 | D:1      | 0 ||| qw: Lair rune preference: random
     0 | D:1      | 0 ||| qw: Plans: Normal, Zot, God:TSO, Crypt, Tomb, Pan,
                  | Slime, Hells, Zig, Abyss, Orb
     0 | D:1      | 0 ||| PLANNING D:1-11
    28 | D:1      | 28 ||| Stepping ~*~*~tactically~*~*~ (stealth).
    31 | D:1      | 31 ||| Stepping ~*~*~tactically~*~*~ (hiding).
    35 | D:1      | Reached skill level 2 in Axes
   219 | D:1      | Reached XP level 2. HP: 18/19 MP: 2/2
   223 | D:1      | 223 ||| Stepping ~*~*~tactically~*~*~ (cloud).
   224 | D:1      | 224 ||| Stepping ~*~*~tactically~*~*~ (cloud).
   320 | D:1      | Noticed an eye of devastation
   323 | D:1      | Found a faded altar of an unknown god.
   337 | D:1      | Noticed a great orb of eyes
   337 | D:1      | Noticed a shining eye
   337 | D:1      | Noticed an eye of devastation
   581 | D:1      | Found Yvvuvit's General Store.
   585 | D:1      | 585 ||| SHOPLISTING scroll of identify (26 gold, have 21).
   839 | D:1      | 839 ||| UPGRADING to amulet of reflection.
   844 | D:1      | 844 ||| READING scroll labelled HIKEENEUPN.
   874 | D:2      | Noticed Robin
   875 | D:2      | 875 ||| STAIRDANCE
   906 | D:2      | 906 ||| STAIRDANCE
   909 | D:1      | Killed Robin
   910 | D:1      | Reached skill level 3 in Axes
   910 | D:1      | Reached XP level 3. HP: 23/23 MP: 3/3
   914 | D:1      | 914 ||| UPGRADING to +2 helmet.
   922 | D:2      | 922 ||| STAIRDANCE
   944 | D:2      | 944 ||| STAIRDANCE
   997 | D:2      | 997 ||| STAIRDANCE
  1025 | D:2      | 1025 ||| STAIRDANCE
  1138 | D:2      | Noticed Terence
  1144 | D:2      | Killed Terence
  1145 | D:2      | Reached XP level 4. HP: 28/28 MP: 4/4
  1304 | D:2      | Reached skill level 4 in Axes
  1434 | D:2      | 1434 ||| Stepping ~*~*~tactically~*~*~ (stealth).
  1727 | D:2      | 1727 ||| UPGRADING to +0 pair of gloves.
  1732 | D:2      | 1732 ||| READING scroll labelled KEBESU TACIU.
  1733 | D:2      | 1733 ||| READING scroll labelled EZXEGO YH GOCH.
  1734 | D:2      | 1734 ||| READING scroll labelled BIOHOMUFOIST.
  1735 | D:2      | 1735 ||| READING scroll labelled GADOGU ZOFEWO.
  1736 | D:2      | 1736 ||| READING scroll labelled ZAIDYA BOICUR.
  1736 | D:2      | Identified a scroll of acquirement
  1736 | D:2      | 1736 ||| ACQUIRING scarf of repulsion
  1736 | D:2      | Acquired a scarf of repulsion
  1738 | D:2      | 1738 ||| UPGRADING to scarf of repulsion.
  1743 | D:2      | 1743 ||| READING scroll labelled JEITSI FOHU.
  1744 | D:2      | 1744 ||| DRINKING 2 fizzy purple potions.
  1745 | D:2      | 1745 ||| DRINKING 2 murky brown potions.
  1746 | D:2      | 1746 ||| DRINKING 4 metallic blue potions.
  1784 | D:2      | 1784 ||| DROPPING potion of degeneration.
  1795 | D:3      | 1795 ||| PLANNING SEWER
  1828 | D:3      | Found a blossoming altar of Fedhas.
  1879 | D:3      | 1879 ||| Stepping ~*~*~tactically~*~*~ (stealth).
  1884 | D:3      | 1884 ||| Stepping ~*~*~tactically~*~*~ (stealth).
  1888 | D:3      | 1888 ||| FLEEEEING.
  1889 | D:3      | 1889 ||| FLEEEEING.
  1890 | D:3      | 1890 ||| FLEEEEING.
  1891 | D:3      | 1891 ||| FLEEEEING.
  1892 | D:3      | 1892 ||| FLEEEEING.
  1893 | D:3      | 1893 ||| FLEEEEING.
  1894 | D:3      | 1894 ||| FLEEEEING.
  1895 | D:3      | 1895 ||| FLEEEEING.
  1896 | D:3      | 1896 ||| FLEEEEING.
  1897 | D:3      | 1897 ||| FLEEEEING.
  1898 | D:3      | 1898 ||| FLEEEEING.
  1899 | D:3      | 1899 ||| STAIRDANCE
  1940 | D:2      | 1940 ||| UPGRADING to +0 pair of boots.
  1945 | D:2      | 1945 ||| DRINKING 2 emerald potions.
  1953 | D:3      | 1953 ||| DROPPING +0 whip.
  2058 | D:3      | Reached XP level 5. HP: 23/32 MP: 5/5
  2065 | D:3      | 2065 ||| FLEEEEING.
  2066 | D:3      | 2066 ||| FLEEEEING.
  2067 | D:3      | 2067 ||| FLEEEEING.
  2068 | D:3      | 2068 ||| FLEEEEING.
  2069 | D:3      | 2069 ||| FLEEEEING.
  2070 | D:3      | 2070 ||| FLEEEEING.
  2071 | D:3      | 2071 ||| FLEEEEING.
  2072 | D:3      | 2072 ||| FLEEEEING.
  2073 | D:3      | 2073 ||| FLEEEEING.
  2074 | D:3      | 2074 ||| FLEEEEING.
  2075 | D:3      | 2075 ||| FLEEEEING.
  2076 | D:3      | 2076 ||| FLEEEEING.
  2077 | D:3      | 2077 ||| FLEEEEING.
  2078 | D:3      | 2078 ||| FLEEEEING.
  2079 | D:3      | 2079 ||| FLEEEEING.
  2080 | D:3      | 2080 ||| FLEEEEING.
  2081 | D:3      | 2081 ||| FLEEEEING.
  2082 | D:3      | 2082 ||| STAIRDANCE
  2171 | D:2      | 2171 ||| UPGRADING to +0 chain mail.
  2181 | D:2      | 2181 ||| DROPPING +0 scale mail.
  2191 | D:3      | 2191 ||| STAIRDANCE
  2324 | D:3      | Reached skill level 5 in Axes
  2368 | D:3      | Found a glowing drain.
  2372 | Sewer    | Entered a sewer
  2405 | Sewer    | Noticed a water moccasin
  2424 | Sewer    | Killed a water moccasin
  2425 | Sewer    | Reached XP level 6. HP: 35/39 MP: 6/6
  2494 | D:3      | 2494 ||| PLANNING D:1-11
  2688 | D:3      | 2688 ||| UPGRADING to ring of protection from cold.
  2766 | D:4      | 2766 ||| Stepping ~*~*~tactically~*~*~ (stealth).
  2767 | D:4      | 2767 ||| Stepping ~*~*~tactically~*~*~ (stealth).
  2912 | D:4      | 2912 ||| Stepping ~*~*~tactically~*~*~ (stealth).
  2917 | D:4      | 2917 ||| Stepping ~*~*~tactically~*~*~ (stealth).
  3165 | D:4      | Noticed a black bear
  3180 | D:4      | Killed a black bear
  3181 | D:4      | Reached skill level 6 in Axes
  3181 | D:4      | Reached XP level 7. HP: 23/44 MP: 7/7
  3627 | D:4      | Reached skill level 1 in Dodging
  3950 | D:4      | 3950 ||| UPGRADING to +2 pair of gloves.
  3960 | D:4      | 3960 ||| DROPPING +0 pair of gloves.
  3961 | D:4      | 3961 ||| READING scroll labelled VOOTTU TAOD.
  3962 | D:4      | 3962 ||| READING scroll labelled HIONEA ROHE.
  3963 | D:4      | 3963 ||| DRINKING 2 green potions.
  3964 | D:4      | 3964 ||| DRINKING 2 grey potions.
  3965 | D:4      | 3965 ||| READING 2 scrolls of identify.
  3965 | D:4      | 3965 ||| IDENTIFYING fuming amethyst potion
  3966 | D:4      | 3966 ||| DROPPING potion of brilliance.
  3985 | D:5      | Entered Level 5 of the Dungeon
  4148 | D:5      | Reached skill level 7 in Axes
  4177 | D:5      | 4177 ||| Stepping ~*~*~tactically~*~*~ (stealth).
  4180 | D:5      | 4180 ||| Stepping ~*~*~tactically~*~*~ (hiding).
  4183 | D:5      | 4183 ||| Stepping ~*~*~tactically~*~*~ (hiding).
  4192 | D:5      | 4192 ||| Stepping ~*~*~tactically~*~*~ (stealth).
  4193 | D:5      | 4193 ||| Stepping ~*~*~tactically~*~*~ (stealth).
  4211 | D:5      | 4211 ||| Stepping ~*~*~tactically~*~*~ (stealth).
  4228 | D:5      | Reached XP level 8. HP: 49/49 MP: 8/8
  4309 | D:5      | Found a basalt altar of Yredelemnul.
  4310 | D:5      | Noticed Dowan
  4311 | D:5      | 4311 ||| Stepping ~*~*~tactically~*~*~ (hiding).
  4312 | D:5      | 4312 ||| Stepping ~*~*~tactically~*~*~ (hiding).
  4314 | D:5      | 4314 ||| Stepping ~*~*~tactically~*~*~ (hiding).
  4315 | D:5      | 4315 ||| Stepping ~*~*~tactically~*~*~ (hiding).
  4317 | D:5      | 4317 ||| Stepping ~*~*~tactically~*~*~ (hiding).
  4326 | D:5      | Killed Dowan
  4327 | D:5      | Reached skill level 1 in Throwing
  4327 | D:5      | Noticed Duvessa
  4342 | D:5      | HP: 10/49 [Duvessa/+0 rapier (11)]
  4343 | D:5      | 4343 ||| READING scroll of teleportation.
  4344 | D:5      | 4344 ||| DRINKING 2 potions of heal wounds.
  4494 | D:5      | Found a staircase to the Ecumenical Temple.
  4570 | D:5      | Killed Duvessa
  5090 | D:5      | Found an opulent altar of Gozag.
  5177 | D:6      | Reached skill level 8 in Axes
  5186 | D:6      | Reached skill level 6 in Fighting
  5307 | D:6      | Reached XP level 9. HP: 19/55 MP: 9/9
  5334 | D:6      | 5334 ||| FLEEEEING.
  5337 | D:6      | 5337 ||| STAIRDANCE
  5526 | D:6      | Noticed Maggie
  5527 | D:6      | 5527 ||| Stepping ~*~*~tactically~*~*~ (stealth).
  5529 | D:6      | 5529 ||| Stepping ~*~*~tactically~*~*~ (hiding).
  5538 | D:6      | Reached skill level 9 in Axes
  5548 | D:6      | HP: 10/55 [Maggie/bolt of fire (17)]
  5549 | D:6      | 5549 ||| DRINKING potion of heal wounds.
  5550 | D:6      | HP: 3/55 [Maggie/+2 halberd of flaming (6)]
  5552 | D:6      | Killed Maggie
  5552 | D:6      | Killed from afar by an electric eel

Levels and vault maps discovered:
D:1:      grunt_arrival_lava_bath, layout_loops_ring, serial_shops, shop_statue,
          hellmonk_ecumenical_altar_watching_god, lemuel_old_faithful
D:2:      layout_basic, minmay_misc_feat_more_columns, serial_bayou_ford_a,
          st_stairs_6, uniq_terence, uniq_robin
D:3:      layout_rooms, lemuel_round_altar, gup_sewer_entry_bowl
D:4:      layout_basic
D:5:      layout_loops_ring, yredelemnul_altar_generic,
          nicolae_gozag_cash_rules_everything_around_me, temple_doors_e,
          uniq_duvessa
D:6:      cheibrodos_helix_gallery, layout_rooms,
          mainiacjoe_overflow_concentric_impassable, uniq_maggie

Skill      XL: |  1  2  3  4  5  6  7  8  9 |
---------------+----------------------------+-----
Axes           | 2 3 4 5 6 7 8 9 |  9.1
Fighting       | 4 5 6 |  6.2
Dodging        | 1 |  1.2
Armour         | 4 |  4.0
Throwing       | 1 |  1.3
Shields        | |  3.2

Action                   |  1- 3 |  4- 6 |  7- 9 || total
-------------------------+-------+-------+-------++-------
Melee: War axe           |    79 |   175 |   184 ||   438
Throw: Boomerang         |       |    31 |    38 ||    69
  Use: Scroll            |     1 |     6 |     4 ||    11
       Potion            |       |     4 |     4 ||     8
Armor: Scale mail        |    47 |    34 |       ||    81
       Chain mail        |       |    62 |    96 ||   158
Dodge: Dodged            |    31 |    51 |    59 ||   141
       Repelled          |       |       |     1 ||     1
Block: Buckler           |    35 |    88 |    74 ||   197

Table legend:
 A = Non-vault XP
 B = Vault XP
 C = Vault XP percentage of total XP
 D = Non-vault monster count
 E = Vault monster count
 F = Vault count percentage of total count
                 A         B        C        D         E       F
            +---------+---------+-------+---------+---------+-------
      Total |    1934 |    1021 |  34.6 |      94 |      28 |  23.0
            +---------+---------+-------+---------+---------+-------
        D:1 |      24 |      35 |  59.3 |      12 |      12 |  50.0
        D:2 |      17 |      34 |  66.7 |       8 |       3 |  27.3
        D:3 |     143 |       8 |   5.3 |      17 |       4 |  19.0
        D:4 |     538 |       0 |   0.0 |      26 |       0 |   0.0
        D:5 |     459 |     214 |  31.8 |      18 |       2 |  10.0
        D:6 |     753 |     580 |  43.5 |      13 |       3 |  18.8
      Sewer |       0 |     150 | 100.0 |       0 |       4 | 100.0
            +---------+---------+-------+---------+---------+-------
